Map: Arctic Dream LE

Players

arımaya

  • Race: Terran Terran
  • Spawn Location: 5:00

DeNNiS

  • Race: Zerg Zerg
  • Spawn Location: 6:00

qqq - Winner!

  • Race: Zerg Zerg
  • Spawn Location: 11:00

Massa - Winner!

  • Race: Terran Terran
  • League: Gold
  • Spawn Location: 12:00

VOD

Have the link to the VOD?

Description

Time

  • Played on: June 30, 2020, 1:43 p.m.
  • Length: 7:55
Show
View Real Time Build Order
Export as new Build Order

arımaya Terran 

Build Orders:  

Get SALT Encoding   

  12  0:01  SCV  
  13  0:14  SCV  
  14  0:26  SCV  
  14  0:28  Supply Depot  
  15  0:42  Refinery  
  16  0:50  SCV  
  16  1:06  SCV, Barracks  
  17  1:15  Barracks  
  17  1:18  SCV  
  17  1:24  Refinery  
  18  1:30  SCV  
  19  1:42  SCV  
  20  1:55  SCV, Barracks Tech Lab  
  20  1:56  Barracks  
  21  2:07  SCV  
  22  2:10  Barracks Tech Lab  
  22  2:17  Combat Shield  
  22  2:25  Orbital Command  
  22  2:33  Stimpack  
  22  2:46  Barracks Reactor  
  22  2:50  Marine  
  22  3:16  Marauder x2  
  25  3:25  Marine, Supply Depot  
  25  3:26  Marine  
  27  3:36  Marine  
  27  3:37  Marauder  
  27  3:41  Concussive Shells  
  27  3:43  Marine x2  
  28  3:54  Marine  
  29  3:58  Marauder  
  31  4:06  Supply Depot  
  31  4:16  Marine x2  
  33  4:18  Marine  
  33  4:20  SCV, Marauder  
  37  4:34  Marine x2  
  37  4:37  Marauder  
  41  4:41  SCV  
  41  4:45  Marine  
  42  5:07  Marine  
  42  5:08  Marauder x2, Marine  
  42  5:25  Marine  
  43  5:29  Marauder  
  45  5:39  Command Center  
  45  5:47  Marine  
  46  5:50  SCV  
  47  5:59  Factory  
  47  6:10  Marine x2  
  49  6:11  Marauder  
  51  6:21  Engineering Bay  
  51  6:28  Marine x2  
  48  6:49  Marine x2  
  48  6:50  Marine x2  
  52  6:59  Widow Mine  
  54  7:07  Marine x2  
  56  7:10  Missile Turret  
  55  7:20  Widow Mine  
Show
View Real Time Build Order
Export as new Build Order

DeNNiS Zerg 

Build Orders: Pool First 

Get SALT Encoding   

  12  0:01  Drone  
  13  0:12  Drone  
  14  0:22  Overlord  
  14  0:35  Spawning Pool  
  13  0:37  Drone  
  13  0:41  Drone  
  15  0:49  Drone x2  
  17  0:59  Drone  
  17  1:03  Extractor  
  17  1:05  Extractor  
  16  1:11  Drone  
  17  1:23  Drone  
  18  1:31  Queen  
  18  1:32  Drone  
  21  1:50  Drone  
  22  1:55  Hatchery, Drone  
  22  2:03  Metabolic Boost  
  22  2:12  Overlord  
  22  2:30  Evolution Chamber  
  22  2:34  Drone x2, Roach Warren  
  22  2:51  Zergling x8  
  26  2:59  Spore Crawler  
  25  3:07  Zergling x2  
  26  3:13  Drone  
  27  3:23  Drone  
  28  3:45  Overlord  
  28  3:50  Lair  
  28  3:57  Spore Crawler  
  28  3:59  Spore Crawler  
  28  4:00  Drone x2  
  28  4:05  Spore Crawler  
  28  4:06  Drone x3  
  30  4:16  Drone x2  
  32  4:18  Drone  
  32  4:22  Drone  
  34  4:26  Drone  
  34  4:27  Zergling x2  
  36  4:33  Overlord  
  8  5:16  Drone x4  
  8  5:17  Drone x2  
  8  5:21  Hatchery  
  12  5:45  Drone  
  12  5:46  Drone x3  
  12  5:48  Extractor  
  15  5:51  Extractor  
  14  5:58  Drone  
  15  6:04  Glial Reconstitution  
  15  6:05  Drone  
  15  6:06  Queen  
  18  6:14  Drone  
  19  6:22  Drone  
  19  6:23  Drone x2  
  22  6:27  Drone  
  23  6:33  Drone  
  24  6:42  Zergling x4  
  26  6:49  Zergling x6  
  29  6:58  Zergling x4  
  30  7:08  Drone  
  31  7:12  Drone  
  32  7:26  Zergling x4  
  32  7:29  Drone x2  
Show
View Real Time Build Order
Export as new Build Order

qqq Zerg - Winner!

Build Orders: Hatch First, Zergling Baneling 

Get SALT Encoding   

  12  0:01  Drone  
  13  0:32  Hatchery  
  12  0:38  Drone  
  12  0:39  Drone  
  14  0:47  Overlord  
  14  1:06  Spawning Pool  
  14  1:07  Extractor  
  12  1:14  Drone  
  12  1:15  Drone  
  14  1:28  Drone  
  14  1:29  Drone  
  16  1:39  Drone  
  17  1:48  Drone  
  17  1:52  Drone  
  17  1:54  Queen  
  19  2:00  Queen  
  23  2:05  Drone  
  23  2:08  Drone  
  25  2:11  Drone  
  26  2:17  Overlord  
  26  2:24  Metabolic Boost  
  26  2:27  Zergling x2  
  27  2:39  Zergling x2  
  27  2:40  Drone  
  27  2:41  Zergling x2, Overlord  
  30  2:58  Zergling x4  
  32  3:03  Zergling x4  
  32  3:04  Zergling x2, Baneling Nest  
  32  3:05  Drone  
  35  3:06  Zergling x2  
  35  3:12  Zergling x4  
  38  3:18  Drone  
  39  3:21  Overlord  
  39  3:27  Zergling x2  
  41  3:34  Drone x2  
  42  3:43  Zergling x8  
  42  3:44  Drone  
  42  3:45  Zergling x2  
  42  3:47  Zergling x2  
  49  3:50  Zergling x2  
  49  3:53  Baneling  
  49  3:54  Baneling x2  
  49  3:55  Baneling  
  50  3:56  Baneling x2  
  50  3:58  Baneling  
  50  3:59  Baneling  
  50  4:06  Zergling x4  
  50  4:08  Overlord  
  52  4:12  Overlord  
  52  4:26  Zergling x2  
  52  4:27  Zergling x10  
  58  4:35  Zergling x2  
  58  4:36  Drone  
  58  4:56  Zergling x6  
  58  4:57  Zergling x2  
  50  5:08  Zergling x6  
  50  5:09  Zergling x6  
  49  5:15  Zergling x2  
  49  5:19  Zergling x2  
  51  5:27  Lair  
  51  5:28  Zergling x2  
  51  5:29  Hatchery  
  51  5:31  Drone  
  52  5:36  Zergling x2  
  52  5:41  Drone  
  54  5:46  Zergling x6  
  54  5:48  Zergling x2  
  58  5:51  Drone  
  58  5:55  Hatchery  
  58  6:00  Zergling x2  
  58  6:02  Drone  
  58  6:03  Zergling x2  
  61  6:11  Zergling x2  
  62  6:12  Zergling x2  
  63  6:20  Zergling x2  
  63  6:21  Zergling x2  
  55  6:49  Zergling x2  
  55  6:50  Zergling x10  
  55  6:51  Zergling x2  
  60  7:02  Drone x2  
  60  7:03  Overlord  
  62  7:15  Zergling x2  
  62  7:16  Zergling x4  
  62  7:17  Drone, Zergling x2  
  62  7:20  Drone  
  68  7:31  Drone  
  68  7:32  Drone  
  70  7:41  Drone  
  70  7:42  Drone x4  
  73  7:47  Hatchery  
  73  7:49  Hatchery  
Show
View Real Time Build Order
Export as new Build Order

Massa Terran - Winner!

Build Orders: Reaper Expand 

Get SALT Encoding   

  12  0:11  Supply Depot  
  12  0:13  SCV  
  13  0:25  SCV  
  14  0:36  Barracks  
  14  0:40  SCV  
  15  0:52  SCV  
  17  1:04  SCV  
  17  1:13  Refinery  
  17  1:15  Refinery  
  17  1:23  Supply Depot  
  17  1:24  SCV  
  17  1:28  Marine  
  18  1:38  Orbital Command  
  18  1:51  Reaper  
  19  2:17  Command Center  
  19  2:18  SCV  
  20  2:23  Reaper  
  21  2:31  Factory  
  21  2:38  SCV  
  22  2:50  SCV  
  23  2:55  Reaper  
  24  3:30  SCV  
  24  3:42  SCV  
  24  3:51  Factory Tech Lab  
  24  3:52  Marine  
  24  3:54  SCV  
  26  4:00  Barracks  
  26  4:02  Starport, Barracks  
  26  4:06  Starport  
  26  4:07  SCV  
  26  4:08  SCV  
  28  4:10  Marine  
  29  4:19  SCV  
  29  4:20  SCV  
  29  4:23  Siege Tank  
  34  4:27  Marine  
  35  4:45  Marine  
  36  5:00  Barracks Reactor, Barracks Tech Lab  
  36  5:03  Marine  
  37  5:08  Orbital Command  
  37  5:09  SCV  
  37  5:10  Command Center  
  37  5:17  Starport Tech Lab x2  
  37  5:21  SCV, Marine  
  39  5:30  Supply Depot  
  39  5:33  SCV  
  40  5:37  SCV, Supply Depot  
  40  5:39  Marine  
  42  5:44  Banshee  
  42  5:45  SCV  
  46  5:52  Banshee, SCV  
  46  5:54  Supply Depot  
  50  5:57  SCV  
  50  6:00  Supply Depot  
  51  6:04  Marauder  
  51  6:05  Marine  
  51  6:09  Barracks Tech Lab, SCV  
  51  6:11  Stimpack  
  55  6:16  Supply Depot  
  55  6:18  SCV  
  55  6:21  SCV  
  57  6:27  Viking  
  57  6:30  SCV  
  60  6:35  Viking  
  60  6:38  Siege Tank  
  65  6:40  SCV  
  65  6:43  SCV  
  67  6:52  SCV  
  67  6:53  Marauder x2, Marine  
  67  6:54  Marine  
  74  6:55  SCV  
  74  6:57  Banshee, Orbital Command  
  78  7:04  SCV, Banshee  
  78  7:07  SCV  
  83  7:16  SCV  
  83  7:19  SCV  
  82  7:28  SCV  
Tags
 
Add a new tag
Caveats
  • Supply blocks, unpowered buildings, or Contaminate may cause inaccurate times.
  • Supply counts are checked every 10 seconds.